 Dungeon Crawl Stone Soup version 0.28-a0-577-gb193047a1f (webtiles) character file.

Game seed: 15094628086111864836

35 siradein the Sneak (level 3, -3/21 HPs)
             Began as a Vampire Brigand on Oct 2, 2021.
             Slain by a goblin (5 damage)
             ... led by Robin
             ... on level 2 of the Dungeon.
             The game lasted 00:01:42 (873 turns).

siradein the Sneak (Vampire Brigand)                 Turns: 873, Time: 00:01:44

Health: -3/21      AC:  4    Str: 10    XL:     3   Next: 16%
Magic:  3/3        EV: 12    Int: 13    God:
Gold:   93         SH:  0    Dex: 16    Spells: 2/2 levels left

rFire   . . .      SeeInvis +   a - +2 dagger
rCold   + + .      Faith    .   (no shield)
rNeg    + + +      Spirit   .   b - +0 robe
rPois   ∞          Reflect  .   (no helmet)
rElec   .          Harm     .   c - +0 cloak
rCorr   .          Rampage  .   (no gloves)
Will    .....                   p - +0 pair of boots
Stlth   +++++.....              (no amulet)
HPRegen 0.00/turn               (no ring)
MPRegen 0.08/turn               (no ring)

@: bloodless, inhibited regen, studying Unarmed Combat
A: bloodless, fangs 3, see invisible, vampiric 2
a: Bat Form, Revivify


You were on level 2 of the Dungeon.
You visited 1 branch of the dungeon, and saw 2 of its levels.

You collected 93 gold pieces.

Inventory:

Hand Weapons
 a - a +2 dagger (weapon)
Missiles
 d - 8 poisoned darts (quivered)
 e - 2 curare-tipped darts
 f - 11 stones
 i - 35 sling bullets
Armour
 b - a +0 robe (worn)
 c - a +0 cloak (worn)
 p - a +0 pair of boots (worn)
Scrolls
 h - a scroll of brand weapon {unknown}
 j - a scroll of holy word {unknown}
 l - a scroll of fear {unknown}
 m - 2 scrolls of identify {unknown}
 n - a scroll of magic mapping {unknown}
 o - 2 scrolls of vulnerability {unknown}
Potions
 g - a potion of mutation {unknown}
 k - a potion of curing {unknown}


   Skills:
 + Level 2.1 Fighting
 + Level 2.6 Short Blades
 + Level 1.9 Throwing
 + Level 1.7 Dodging
 + Level 6.2 Stealth


You had 2 spell levels left.
You didn't know any spells.
Your spell library was empty.

Dungeon Overview and Level Annotations

Branches:
Dungeon (2/15)

Altars:
Yredelemnul

Shops:
D:1 *

Annotations:
D:2 Robin


Innate Abilities, Weirdness & Mutations

You do not regenerate when monsters are visible.
You are frail without blood (-20% HP).
You can heal yourself when you bite living creatures.
You are immune to poison.
You have razor-sharp teeth.
You have supernaturally acute eyesight. (SInv)
You are afflicted with vampirism and can become a bat while bloodless.


Message History

A goblin comes into view. It is wielding a +0 dagger. x2
The goblin moves out of view.
Robin says, "Bow before me, strongest of all the hobgoblins!"
Robin roars a battlecry!
The goblins go into a battle-frenzy!
You hear a shout! x2
Robin roars a battlecry!
The goblins go into a battle-frenzy!
You hear a shout!
You hit the hobgoblin.
You kill the hobgoblin!
Robin says, "My goblins will feast on your bones."
The goblin hits you with a +3 vampiric dagger.
You see here a hobgoblin corpse.
You barely miss the goblin. Robin throws the goblin at you!
The goblin misses you.
The goblin hits you with a +3 vampiric dagger.
You hit the goblin.
You kill the goblin!
The goblin hits you with a +0 dagger.
You closely miss the goblin.
The goblin no longer looks unusually strong. x2
The goblin hits you with a +0 club.
You hit the goblin.
The goblin is heavily wounded.
The goblin hits you with a +0 dagger.
* * * LOW HITPOINT WARNING * * *
The goblin misses you.
You closely miss the goblin.
The goblin is heavily wounded.
The goblin no longer looks unusually strong.
The goblin hits you but does no damage. The goblin hits you with a +0 club.
* * * LOW HITPOINT WARNING * * *
The goblin shouts!
You hit the goblin.
You kill the goblin!
Robin roars a battlecry!
The goblins go into a battle-frenzy!
The goblin hits you with a +0 club.
You die...

#.####.#.......#.##.#
#...#..........#.# #
####.####g#######.# #.........#
#.# #.........# #.##
##......g..#######..
#..<..##gg.......#.#
#####.##g#.......#.######
#.##@#.#.._.........#
###.##)#..............#
#.....................#
#.#.#............†.....
#.#.#####.###.########. ##.#.#
##....#.# #... #########....#
#...#.#.# #... #......##.####
#..##.#.### #...
#.#.#...#...####.........####...


You could see Robin and 4 goblins.

Vanquished Creatures
  An adder (D:2)
  A dart slug (D:1)
  3 ball pythons
  An endoplasm (D:2)
  A giant cockroach (D:1)
  5 goblins
  4 hobgoblins
  A kobold (D:1)
  2 quokkas
  2 bats
  A rat (D:1)
22 creatures vanquished.

Notes
Turn   | Place    | Note
-------+----------+-------------------------------------------
     0 | D:1      | siradein the Vampire Brigand began the quest for the Orb.
     0 | D:1      | Reached XP level 1. HP: 16/16 MP: 1/1
    15 | D:1      | Found Eneerest's General Store.
   114 | D:1      | Reached skill level 6 in Stealth
   157 | D:1      | Reached XP level 2. HP: 17/17 MP: 2/2
   516 | D:2      | Found a basalt altar of Yredelemnul.
   545 | D:2      | Gained mutation: You are afflicted with vampirism and can
                  | become a bat while bloodless. [Vampire growth]
   545 | D:2      | Reached XP level 3. HP: 7/21 MP: 3/3
   848 | D:2      | Noticed Robin
   873 | D:2      | Slain by a goblin

Illustrated notes

Levels and vault maps discovered:
D:1:      erik_arrival_orb_chamber, layout_rooms, serial_shops, shop,
          minmay_pentomino_o2
D:2:      layout_basic, chequers_ecumenical_altar_grove, serial_glass,
          glass_columns_a, glass_columns_a, glass_columns_a, glass_columns_b,
          glass_columns_a, glass_columns_b, glass_columns_b, glass_columns_a,
          basic_altar, hangedman_decor_clover_reticule,
          kennysheep_generic_room_12, uniq_robin

Skill      XL: |  1  2 |
---------------+-------+-----
Stealth        | 6 |  6.2
Fighting       | 2 |  2.1
Short Blades   | |  2.6
Throwing       | |  1.9
Dodging        | |  1.7

Action                   || total
-------------------------++-------
Melee: Dagger            ||    53
       Bite              ||     6
 Abil: Exsanguinate      ||     1
 Stab: Sleeping          ||     8
Armor: Robe              ||     9
Dodge: Dodged            ||    26

Table legend: (Time is in decaauts)
 A = Elapsed time spent in this place.
 B = Non-inter-level travel time spent in this place.
 C = Inter-level travel time spent in this place.
 D = Time resting spent in this place.
 E = Time spent auto-exploring this place.
 F = Levels seen in this place.
 G = Mean time per level.
                   A        B        C        D        E       F      G
               +--------+--------+--------+--------+--------+-----+--------+
         Total |    866 |    850 |     16 |      0 |    643 |   2 |  433.0 |
       Dungeon |    866 |    850 |     16 |      0 |    643 |   2 |  433.0 |
               +--------+--------+--------+--------+--------+-----+--------+

Top non-repeatable levels by time:
     D:1: 444 daAuts
     D:2: 421 daAuts
